 Dungeon Crawl Stone Soup version 0.31-a0-1370-gf52a5a9ab3 (webtiles) character file.

Game seed: 8226078371177375604

585359 bumbalina the Sorcerer (level 27, -5/209 HPs)
             Began as a Djinni Conjurer on Dec 23, 2023.
             Was the Champion of Cheibriados.
             Slain by an Orb Guardian (22 damage)
             ... on level 5 of the Realm of Zot.
             The game lasted 02:19:10 (69746 turns).

bumbalina the Sorcerer (Djinni Conjurer)           Turns: 69746, Time: 02:19:11

Health: -5/209     AC: 38    Str: 23      XL:     27
Gold:   5173       EV: 12    Int: 49 (51) God:    Cheibriados [******] SH:  0 Dex: 34

rFire   + + +        K - +3 Elemental Staff {ele, rElec rF+ rC+ AC+3}
rCold   + + +        m - +1 tower shield {rC+}
rNeg    + . .        P - +9 scales of the Dragon King {rPois rF+ rC+ Will+}
rPois   ∞            q - +0 mask of the Dragon {Will+ Slay+3 SInv}
rElec   +            G - scarf {rC+ rF+}
rCorr   +            r - +3 pair of gloves "Waed" {Dex+5}
SInv    +            (boots unavailable)
Will    +++++        L - macabre finger necklace {Finger+ rN+} Stlth
                     h - ring "Wankiq" {rCorr Str+4}
HPRegen 0.54/turn    w - ring of Ughoneuj {^Drain +Blink rPois AC+4 Dex+4}
MPRegen 0.00/turn    k - ring "Uhanut" {Will+ Int+6}

%: clarity, infuse magic (-6 HP)
@: flying, held, slowed, studying 7 skills, very slow
A: sickness immunity, fire resistance 2, cold vulnerability 1, float, innate
caster, HP casting, extra vitality 1, clarity, clumsy 2, deformed body, dopey 1,
weak 1
}: 3/15 runes: serpentine, barnacled, silver
a: Renounce Religion, Evoke Blink, Bend Time, Temporal Distortion, Slouch, Step
From Time


You were on level 5 of the Realm of Zot.
You worshipped Cheibriados.
Cheibriados was exalted by your worship.
You visited 12 branches of the dungeon, and saw 54 of its levels.
You visited 1 bazaar.
You also visited: Trove, Bailey, Gauntlet, Ice Cave and Wizlab.

You collected 8536 gold pieces.
You spent 3363 gold pieces at shops.

Inventory:

Hand Weapons
 K - the +3 Elemental Staff (weapon) {ele, rElec rF+ rC+ AC+3}
   (You found it on level 3 of the Elven Halls)

   AC+3:      It affects your AC (+3).
   rF+:       It protects you from fire.
   rC+:       It protects you from cold.
   rElec:     It insulates you from electricity.
Missiles
 Q - 12 silver javelins
Armour
 m - a +1 tower shield of cold resistance (worn)
 p - the +4 ice dragon scales of Sasseab {rF- rC++}
   (You found it in an ice cave)

   rF-:       It makes you vulnerable to fire.
   rC++:      It greatly protects you from cold.
 q - the +0 mask of the Dragon (worn) {Will+ Slay+3 SInv}
   (You bought it in a shop in a bazaar)

   Slay+3:    It affects your accuracy & damage with ranged weapons and melee
   (+3).
   Will+:     It increases your willpower.
   SInv:      It lets you see invisible.
 r - the +3 pair of gloves "Waed" (worn) {Dex+5}
   (You acquired it on level 6 of the Dungeon)

   Dex+5:     It affects your dexterity (+5).
 G - a scarf of resistance (worn)
 P - the +9 scales of the Dragon King (worn) {rPois rF+ rC+ Will+}
   (You bought it in a shop in a bazaar)

   rF+:       It protects you from fire.
   rC+:       It protects you from cold.
   rPois:     It protects you from poison Will+: It increases your willpower.
 U - the +0 cloak of Dim Light {rPois rCorr}
   (You found it on level 5 of the Lair of Beasts)

   rPois:     It protects you from poison rCorr: It protects you from acid and
   corrosion.
Magical Staves
 u - the staff "Backscratcher" {rElec rF+ Int+4 Necro Fire Air}
   (You acquired it on level 1 of the Vaults)

   [staff of fire]

   Base accuracy: +5 Base damage: 5 Base attack delay: 1.2 This weapon's minimum
   attack delay (0.6) is reached at skill level 12.
   Int+4:     It affects your intelligence (+4).
   rF+:       It protects you from fire.
   rElec:     It insulates you from electricity.
   Necro:     It increases the power of your Necromancy spells.
   Fire:      It increases the power of your Fire spells.
   Air:       It increases the power of your Air spells.
   It falls into the 'Staves' category.
   It is a one-handed weapon.
Jewellery
 h - the ring "Wankiq" (left hand) {rCorr Str+4}
   (You found it in an ice cave)

   [ring of resist corrosion]

   Str+4:     It affects your strength (+4).
   rCorr:     It protects you from acid and corrosion.
 k - the ring "Uhanut" (on amulet) {Will+ Int+6}
   (You found it on level 2 of the Elven Halls)

   [ring of intelligence]

   Int+6:     It affects your intelligence (+6).
   Will+:     It increases your willpower.
 l - a ring of protection from cold
 w - the ring of Ughoneuj (right hand) {^Drain +Blink rPois AC+4 Dex+4}
   (You acquired it on level 5 of the Dungeon)

   [ring of protection]

   AC+4:      It affects your AC (+4).
   Dex+4:     It affects your dexterity (+4).
   rPois:     It protects you from poison +Blink: It lets you blink.
   ^Drain:    It drains your maximum health when unequipped.
 B - an amulet of regeneration
 F - the ring of Recklessness {rN+ Slay+6 Stlth+}
   (You found it on level 7 of the Dungeon)

   [ring of positive energy]

   Slay+6:    It affects your accuracy & damage with ranged weapons and melee
   (+6).
   rN+:       It protects you from negative energy.
   Stlth+:    It makes you more stealthy.
 L - the macabre finger necklace (around neck) {Finger+ rN+}
   (You took it off a tengu reaver on level 1 of the Vaults)

   [amulet of nothing]

   Finger+:   It enables you to equip an extra ring.
   rN+:       It protects you from negative energy.
 O - the ring of Daisies {EV+5 Str+2 Stlth+}
   (You found it in a Gauntlet)

   [ring of evasion]

   EV+5:      It affects your evasion (+5).
   Str+2:     It affects your strength (+2).
   Stlth+:    It makes you more stealthy.
Talismans
 V - a granite talisman
Wands
 R - a wand of digging (11)
 S - a wand of roots (39)
 Z - a wand of quicksilver (46)
Scrolls
 c - 8 scrolls of blinking
 d - 12 scrolls of immolation
 f - 5 scrolls of butterflies
 i - 11 scrolls of noise
 j - 7 scrolls of revelation
 v - 19 scrolls of teleportation
 y - 24 scrolls of identify
 z - 13 scrolls of poison
 A - 4 scrolls of enchant armour
 H - 8 scrolls of vulnerability
 I - 8 scrolls of enchant weapon
 J - a scroll of silence
 M - 3 scrolls of torment
 N - 9 scrolls of fear
 T - 12 scrolls of fog
Potions
 a - 10 potions of ambrosia
 b - 2 potions of resistance
 e - 11 potions of lignification
 g - 11 potions of attraction
 n - 13 potions of enlightenment
 o - 4 potions of invisibility
 x - 23 potions of curing
 C - 11 potions of heal wounds
 E - 12 potions of brilliance
 X - 13 potions of might
 Y - 7 potions of mutation
Miscellaneous
 s - a lightning rod (4/4)
 t - a tin of tremorstones (2/2)
 D - a phial of floods


   Skills:
 + Level 21.2 Fighting
 + Level 20.7 Armour
 + Level 23.1 Dodging
 - Level 1.5 Stealth
 - Level 18.2 Shields
 * Level 26.1 Spellcasting
 * Level 23.0 Conjurations
 * Level 23.0 Hexes
   Level 0.0 Charms
 * Level 23.0 Summonings
 * Level 26.1 Necromancy
 * Level 23.0 Translocations
   Level 0.0 Transmutations
 * Level 25.9 Fire Magic
 * Level 23.0 Ice Magic
 * Level 23.0 Air Magic
 * Level 23.0 Earth Magic
 * Level 23.0 Alchemy
 - Level 10.6 Shapeshifting


You knew the following spells:

 Your Spells              Type           Power      Damage    Failure   Level
a - Magic Dart            Conj           100%       1d8       0%          1
b - Searing Ray           Conj           100%       2d8       0%          2
c - Fulminant Prism       Conj/Alch      69%        3d28      0%          4
d - Iskenderun's Mystic   Conj/Tloc      100%       2d19      0%          4
e - Slow                  Hex            100%       N/A       0%          1
f - Ensorcelled Hibernat  Hex/Ice        100%       N/A       0%          2
g - Passwall              Alch/Erth      100%       N/A       0%          2
h - Sticky Flame          Fire/Alch      100%       2d15      0%          4
i - Ignite Poison         Fire/Alch      100%       N/A       0%          4
j - Silence               Hex/Air        81%        N/A       0%          5
k - Plasma Beam           Fire/Air       96%        2x1d116   1%          6
l - Simulacrum            Ice/Necr       83%        N/A       1%          6
m - Conjure Ball Lightni  Conj/Air       81%        3x3d31    1%          6
n - Summon Hydra          Summ           69%        N/A       1%          7
o - Disjunction           Tloc           69%        N/A       3%          8
p - Summon Horrible Thin  Summ           69%        N/A       3%          8
q - Dragon's Call         Summ           69%        N/A       45%         9
Your spell library was empty.

Dungeon Overview and Level Annotations

Branches:
Dungeon (15/15)            Temple (1/1) D:4            Lair (5/5) D:8
 Shoals (4/4) Lair:3        Snake (4/4) Lair:3        Slime (3/5) Lair:5
    Orc (2/2) D:11            Elf (3/3) Orc:2        Vaults (5/5) D:14
  Crypt (3/3) Vaults:2       Tomb (0/3) Crypt:3      Depths (4/4) D:15
    Zot (5/5) Depths:4     Bailey (visited)           IceCv (visited)
 WizLab (visited)         Gauntlet (visited)

Altars:
Ashenzari
Cheibriados
Dithmenos
Elyvilon
Fedhas
Gozag
Hepliaklqana
Makhleb
Nemelex Xobeh
Okawaru
Qazlal
Ru
Trog
Uskayaw
Wu Jian
Xom
Yredelemnul
Zin
The Shining One
Jiyva

Shops:
D:5 *   D:9 :   D:10 (   D:11 (   Orc:1 (   Orc:2 ((((   Elf:1 *   Elf:2 *
Snake:4 ?   Vaults:4 *   Depths:4 [

Portals:
Hell: Depths:1 Depths:2 Depths:3 Depths:4
Abyss: Crypt:1 Depths:2 Depths:3
Pandemonium: Depths:1 Depths:2
Ziggurat: Depths:4

Annotations:
Snake:4 2 transporters
Elf:2 3 runed translucent doors
Crypt:1 2 transporters, Gathuos's ghost, adept OpEE


Innate Abilities, Weirdness & Mutations

You are immune to sickness and miasma.
You are immune to poison.
Your flesh is very heat resistant. (rF++)
You are vulnerable to cold. (rC-)
You float through the air rather than walking.
You learn spells naturally, not from books.
Your magical power is your life essence.
You have superior vitality. (+4 MHP)
You possess an exceptional clarity of mind.
You are very clumsy. (Dex -4)
Armour fits poorly on your strangely shaped body.
You are dopey. (Int -2)
You are weak. (Str -2)


Message History

The Orb Guardian completely misses you. The death cob barely misses you.
An Orb Guardian comes into view.
The Orb Guardian completely misses you.
Your large abomination hits the Orb Guardian!
Unknown command.
The death cob attacks as it pursues you!
The death cob barely misses you. You block the death cob's attack.
The death cob closely misses you. You block the Orb Guardian's attack.
The Orb Guardian attacks as it pursues you!
The Orb Guardian hits you!
The orb of fire fails to trigger a net trap.
You block the death cob's attack. You block the Orb Guardian's attack.
The orb of fire glows red.
The bolt of fire hits you. You resist. The death cob hits you.
The death cob drains your vigour!
You feel yourself slow down. The Orb Guardian hits you! x2
Your large abomination completely misses the Orb Guardian.
Unknown command.
Unknown command.
Unknown command.
Unknown command.
The death cob attacks as it pursues you!
The death cob hits you! The death cob drains your vigour!
You feel as though you will be slow longer.
You block the death cob's attack.
The death cob hits you but does no damage.
You block the death cob's attack. You block the Orb Guardian's attack.
The death cob drops a net on you.
You become entangled in the net!
The Orb Guardian hits you!! x2
* * * LOW HITPOINT WARNING * * *
The Orb Guardian hits you but does no damage.
The Orb Guardian closely misses you.
The Orb Guardian hits you but does no damage.
The Orb Guardian hits you!
* * * LOW HITPOINT WARNING * * *
The Orb Guardian hits you but does no damage. x2
The Orb Guardian hits you!!
* * * LOW HITPOINT WARNING * * *
The Orb Guardian hits you!!
You die...

,,,,,,,,,......^^..###
*^,,,,***▓▓▓▓▓▓▓▓▓▓#
,,,,^,,,.......▓▓▓▓
,,,,,,............▓##
,,,,,,..............##
,,,,,,............[..# *********
,,,,,,.....!.........▓**,^,,,,,**
,,,,,,.........X.....▓*,,,,,,,,,*
,,,,,,........D*@X...▓.,,,,,,,,,,
,,,,.§........z*XX......,^,,^,,,,
,,,,..........XXX..^.▓..,,,,,,,,,
,,,,.................▓*,,,,,,,,,*
,,,,.................▓**,,,,,,^**
,,,,...§..........^..▓ *********
^,,,............$...▓▓
,,,,....^.........▓▓▓
**,,...........▓▓▓▓


You could see 2 orbs of fire, a storm dragon, a death cob (ally target), 6 Orb
Guardians and a friendly large abomination (summoned).

Vanquished Creatures
  2 dread liches
  Khufu (Crypt:2)
  An orb of fire (Zot:5)
  Mennas (Vaults:4)
  A royal mummy (Crypt:2)
  Vv (Crypt:3)
  Bai Suzhen (Vaults:4)
  2 Killer Klowns (Zot:5)
  A shard shrike (IceCv)
  Vashnia (Snake:3)
  A curse toe (Zot:3)
  4 golden dragons
  2 bone dragons (Crypt:3)
  4 electric golems
  19 tentacled monstrosities
  3 liches
  A walking crystal tome (Depths:3)
  2 hellephants (D:13)
  Jorgrun (Elf:1)
  7 Orb Guardians (Zot:5)
  Asterion (Depths:2)
  A deep elf blademaster (Elf:3)
  2 acid blobs
  2 titans
  9 quicksilver dragons
  6 sphinxes
  4 krakens (Shoals:2)
  2 deep elf master archers (Elf:3)
  10 ancient champions
  4 death cobs
  Kirke (Elf:1)
  8 tengu reavers
  11 shadow dragons
  3 revenants
  5 protean progenitors
  2 rockslimes
  10 storm dragons
  8 fire giants
  5 draconian monks
  2 draconian knights (Zot:4)
  The ghost of Suinaor the Thaumaturge, an adept GnWr of Makhleb (Snake:2)
  5 deep elf sorcerers
  A nagaraja (Snake:4)
  12 frost giants
  5 draconian shifters
  7 deep elf elementalists
  21 vault wardens
  A curse skull (Crypt:3)
  A draconian scorcher (Depths:4)
  A ghost moth (Zot:2)
  7 formless jellyfish
  A reaper (Crypt:3)
  An orc warlord (Vaults:1)
  14 ghouls
  A draconian stormcaller (Zot:4)
  A juggernaut skeleton (Crypt:3)
  2 quicksilver oozes
  10 very ugly things
  9 ironbound thunderhulks
  3 draconian annihilators
  6 war gargoyles
  13 stone giants
  21 ironbound preservers
  5 black draconians
  7 green draconians
  Azrael (D:14)
  8 vampire knights
  3 deep elf demonologists
  9 yellow draconians
  11 deep elf death magi
  A bunyip (shapeshifter) (Vaults:5)
  A spark wasp (Depths:3)
  9 deep elf annihilators (Elf:3)
  5 purple draconians
  12 red draconians
  9 dire elephants
  A minotaur (Gauntlet)
  7 white draconians
  2 eidola (Crypt:2)
  12 ettins
  4 crystal guardians (WizLab)
  4 merfolk javelineers
  23 yaktaur captains
  12 jiangshi
  12 merfolk impalers
  2 mummy priests (Crypt:2)
  5 fire dragons
  2 entropy weavers (Vaults:4)
  7 deep elf high priests
  3 rakshasas
  8 hydras
  7 great orbs of eyes
  38 vault guards
  A quicksilver dragon skeleton (Crypt:2)
  A catoblepas (Lair:5)
  4 salamander tyrants
  3 merfolk avatars
  8 peacekeepers
  2 spriggan air magi
  9 ice dragons
  15 ironbound frosthearts
  6 boulder beetles
  3 ogre magi
  The ghost of p0werm0de the Protected, a novice MiFi (D:9)
  8 anacondas
  9 centaur warriors
  8 deep troll shamans
  16 two-headed ogres
  An alligator snapping turtle (Shoals:1)
  4 merfolk aquamancers
  9 deep troll earth magi
  19 dancing weapons
  3 death knights
  A satyr (Shoals:2)
  5 death yaks
  10 vampire magi
  13 naga warriors
  5 tengu warriors
  3 spriggan berserkers
  3 hell hogs
  20 naga sharpshooters
  5 hell knights (Depths:3)
  5 soul eaters
  3 spriggans (Depths:1)
  3 sun demons (Depths:3)
  9 skysharks
  9 deep elf knights
  10 shock serpents
  A skyshark (shapeshifter) (Vaults:1)
  A spectral death yak (Lair:5)
  4 shadow wraiths (Crypt:3)
  A storm dragon skeleton (Crypt:3)
  3 deep trolls (shapeshifter)
  A spectral anaconda (Lair:5)
  3 salamander mystics
  A death drake (shapeshifter) (Vaults:5)
  7 iron trolls
  6 sea snakes
  52 deep trolls
  33 skeletal warriors
  A death drake (Zot:5)
  5 glowing orange brains
  21 ironbound convokers
  An orb spider (shapeshifter) (Vaults:5)
  6 flayed ghosts
  2 orange crystal statues
  9 deep elf archers
  8 arcanists
  3 bog bodies
  7 lindwurms
  9 naga ritualists
  Pikel (D:8)
  An anaconda skeleton (Crypt:3)
  An obsidian statue (Lair:5)
  33 deep elf pyromancers
  10 phantasmal warriors
  A stone giant zombie (Crypt:3)
  2 oklob plants
  4 orc knights
  9 necromancers
  7 mana vipers
  An orc sorcerer (Elf:1)
  17 harpies
  8 cyclopes
  16 salamanders
  15 deep elf zephyrmancers
  54 ugly things
  2 shining eyes
  2 large abominations (Gauntlet)
  22 moths of wrath
  A goliath frog skeleton (Crypt:2)
  A worldbinder (Gauntlet)
  11 manticores
  27 black mambas
  3 elf skeletons (Vaults:2)
  3 tengu skeletons (Vaults:2)
  6 fauns
  A shadow dragon skeleton (Crypt:1)
  20 vault sentinels
  2 stone giant skeletons
  A fire giant skeleton (Depths:1)
  A black mamba (shapeshifter) (Elf:2)
  An eye of devastation (shapeshifter) (Elf:3)
  2 molten gargoyles (WizLab)
  A frost giant skeleton (Vaults:2)
  4 merfolk sirens
  A centaur zombie (Crypt:3)
  2 guardian serpents
  An ice statue (D:14)
  25 naga magi
  An eleionoma skeleton (Crypt:2)
  4 water nymphs (Shoals:4)
  13 elephants (Lair:5)
  3 eyes of devastation
  2 centaur skeletons (Crypt:3)
  A torpor snail (Gauntlet)
  13 cane toads
  The ghost of MirrMurr the Skirmisher, a novice SpHu of Okawaru (D:6)
  8 gargoyles (WizLab)
  A dire elephant skeleton (Lair:5)
  5 kobold demonologists
  An alligator snapping turtle zombie (Crypt:3)
  7 freezing wraiths
  3 efreet
  2 hellions
  4 komodo dragons
  A yaktaur (shapeshifter) (Elf:2)
  24 rime drakes
  41 yaktaurs
  A bunyip simulacrum (Crypt:3)
  A golden dragon simulacrum (Depths:1)
  A pale draconian skeleton (Crypt:1)
  A tormentor (Depths:2)
  A spriggan skeleton (Depths:1)
  3 yaktaur skeletons
  2 human skeletons (Vaults:2)
  3 tengu conjurers
  A queen bee (Lair:3)
  A merfolk (shapeshifter) (Vaults:5)
  26 merfolk
  6 guardian mummies
  A wolf spider simulacrum (Gauntlet)
  6 hornets
  An iron troll skeleton (Crypt:3)
  A hydra skeleton (Crypt:3)
  18 trolls
  13 blink frogs
  13 wind drakes
  The ghost of alja1234 the Chiller, an amateur GnIE (D:3)
  5 dream sheep
  10 snapping turtles
  18 polar bears
  A jumping spider zombie (Crypt:1)
  3 spectral elephants (Lair:5)
  A glass eye (Depths:3)
  10 air elementals
  A jumping spider (Vaults:4)
  A shadow (D:10)
  46 water elementals
  A centaur simulacrum (Gauntlet)
  A guardian serpent skeleton (Crypt:1)
  A spriggan (shapeshifter) (Elf:1)
  54 slime creatures
  7 wraiths
  A vampire (Crypt:3)
  3 wyverns
  A black mamba skeleton (Crypt:3)
  3 wargs (Orc:2)
  35 fire elementals
  3 humans (D:14)
  28 yaks
  6 basilisks
  3 steam dragons (Shoals:1)
  2 redbacks (Vaults:4)
  12 vampire mosquitoes
  Menkaure (D:4)
  A redback (shapeshifter) (Vaults:5)
  3 harpy simulacra
  51 nagas
  2 spectral cane toads (Lair:5)
  A tengu zombie (Depths:1)
  A deep troll zombie (Crypt:3)
  16 hell hounds
  An ogre skeleton (Vaults:2)
  19 water moccasins
  A deep troll skeleton (Crypt:2)
  18 orc warriors
  An ice beast (D:7)
  4 sky beasts
  4 black bears
  A meliai simulacrum (Gauntlet)
  4 small abominations (Gauntlet)
  3 boggarts (Gauntlet)
  25 ogres
  8 centaurs
  9 laughing skulls
  An elephant skeleton (Crypt:3)
  A rime drake zombie (Crypt:1)
  3 kobold brigands
  A komodo dragon skeleton (Crypt:2)
  13 bullfrogs
  2 gnoll sergeants
  3 necrophages
  5 earth elementals
  A salamander skeleton (Crypt:3)
  5 scorpions
  10 wights (D:8)
  A warg skeleton (Crypt:2)
  40 killer bees
  An oklob sapling (D:12)
  A raiju skeleton (Crypt:2)
  2 electric eels
  A wolf skeleton (Crypt:3)
  2 hounds
  A jelly (D:5)
  A wyvern simulacrum (Gauntlet)
  3 gnoll boudas
  7 orc priests
  Jessica (D:3)
  4 iguanas
  Natasha (thrice) (D:4)
  11 orc wizards
  13 hell rats
  2 lightning spires (WizLab)
  An ice beast zombie (Crypt:3)
  2 crocodile skeletons
  13 mummies
  Robin (D:4)
  17 gnolls
  12 adders
  A white imp (D:6)
  A bombardier beetle (D:4)
  3 worms
  2 dart slugs
  50 orcs
  13 ball pythons
  4 bats
  5 endoplasms
  3 giant cockroaches
  18 goblins
  11 hobgoblins
  14 jackals
  3 quokkas
  A bombardier beetle zombie (Crypt:1)
  2 frilled lizards
  A frilled lizard skeleton (Crypt:1)
  A gnoll skeleton (Crypt:3)
  19 kobolds
  A kobold zombie (Crypt:2)
  4 rats
  A rat zombie (Crypt:1)
  A spectral orc (D:6)
  7 aspiring fleshes (Zot:5)
  A fulminant prism (D:11)
  2 tentacles (Shoals:2)
2286 creatures vanquished.

Vanquished Creatures (collateral kills)
  A crystal guardian (Vaults:4)
  A fire dragon (Depths:1)
  A tengu warrior (Depths:1)
  7 sun demons
  A cyclops (Depths:4)
  A tengu conjurer (Depths:1)
  A nameless horror (Zot:5)
  A hell hound (Depths:3)
14 creatures vanquished.

Vanquished Creatures (others)
  A vault warden (Vaults:1)
  A dancing weapon (Elf:1)
  A deep elf pyromancer (Elf:1)
  A salamander (WizLab)
  7 humans (Elf:1)
  An orc wizard (Orc:2)
  6 ball lightnings
  75 fulminant prisms
  9 tentacles (Shoals:2)
102 creatures vanquished.

Grand Total: 2402 creatures vanquished

Notes
Turn   | Place    | Note
-------+----------+-------------------------------------------
     0 | D:1      | bumbalina the Djinni Conjurer began the quest for the Orb.
     0 | D:1      | bumbalina set off with the following spells memorised:
                  | Magic Dart, Searing Ray, Fulminant Prism, Iskenderun's
                  | Mystic Blast.
     0 | D:1      | Reached XP level 1. HP: 15/15 MP: 0/0
   121 | D:1      | Reached XP level 2. HP: 15/22 MP: 0/0
   369 | D:1      | Reached skill level 1 in Fighting
   637 | D:1      | Reached XP level 3. HP: 26/27 MP: 0/0
   637 | D:1      | Learned a level 1 spell: Slow
  1839 | D:3      | Reached XP level 4. HP: 30/33 MP: 0/0
  1887 | D:3      | Found a hide-covered altar of Uskayaw.
  2022 | D:3      | Found a runed translucent gate.
  2034 | D:3      | Found a runed translucent gate.
  2034 | D:3      | Noticed alja1234's ghost (amateur GnIE)
  2036 | D:3      | Found a runed translucent gate.
  2221 | D:3      | Found a sacrificial altar of Ru.
  2378 | D:3      | Noticed Jessica
  2382 | D:3      | Killed Jessica
  2383 | D:3      | Reached XP level 5. HP: 33/38 MP: 0/0
  2383 | D:3      | Learned a level 2 spell: Ensorcelled Hibernation
  2413 | D:3      | Identified the +6 falchion "Utietruas" {vamp, rC- Int+3
                  | SInv}
  2644 | D:4      | Noticed a black bear
  2810 | D:4      | Noticed a black bear
  2816 | D:4      | Killed a black bear
  2817 | D:4      | Reached skill level 5 in Spellcasting
  2817 | D:4      | Reached skill level 5 in Conjurations
  2817 | D:4      | Reached skill level 5 in Hexes
  2817 | D:4      | Reached skill level 5 in Summonings
  2817 | D:4      | Reached skill level 5 in Necromancy
  2817 | D:4      | Reached skill level 5 in Translocations
  2817 | D:4      | Reached skill level 5 in Fire Magic
  2817 | D:4      | Reached skill level 5 in Ice Magic
  2817 | D:4      | Reached skill level 5 in Air Magic
  2817 | D:4      | Reached skill level 5 in Earth Magic
  2817 | D:4      | Reached skill level 5 in Alchemy
  2817 | D:4      | Reached XP level 6. HP: 25/46 MP: 0/0
  2911 | D:4      | Noticed Robin
  3273 | D:4      | Killed Robin
  3320 | D:4      | Noticed an ogre
  3326 | D:4      | Killed an ogre
  3327 | D:4      | Reached XP level 7. HP: 44/50 MP: 0/0
  3327 | D:4      | Learned a level 2 spell: Passwall
  3447 | D:4      | Noticed Natasha
  3450 | D:4      | Killed Natasha
  3471 | D:4      | Found a staircase to the Ecumenical Temple.
  3498 | Temple   | Entered the Ecumenical Temple
  3528 | Temple   | Became a worshipper of Cheibriados the Contemplative
  3947 | D:4      | Noticed Menkaure
  3956 | D:4      | Killed Menkaure
  3957 | D:4      | Reached XP level 8. HP: 51/58 MP: 0/0
  4062 | D:4      | You are sucked into a shaft and drop 2 floors!
  4073 | D:6      | Reached skill level 1 in Armour
  4093 | D:6      | Identified a scroll of acquirement
  4094 | D:6      | Acquired the +3 pair of gloves "Waed" {Dex+5}
  4106 | D:5      | Entered Level 5 of the Dungeon
  4268 | D:5      | Acquired the ring of Ughoneuj {^Drain +Blink rPois AC+4
                  | Dex+4}
  4606 | D:5      | Found Fouducase's Serpentskin Sales.
  4608 | D:5      | Reached * piety under Cheibriados
  4614 | D:5      | Reached skill level 5 in Fighting
  4664 | D:5      | Bought a scroll of poison for 56 gold pieces
  5151 | D:4      | Noticed Natasha
  5157 | D:4      | Killed Natasha
  5214 | D:4      | Noticed Natasha
  5218 | D:4      | Killed Natasha
  5634 | D:6      | Found a runed translucent door.
  5717 | D:6      | Found a basalt altar of Yredelemnul.
  5766 | D:6      | Reached XP level 9. HP: 59/65 MP: 0/0
  5766 | D:6      | Learned a level 4 spell: Sticky Flame
  6173 | D:6      | Noticed MirrMurr's ghost (novice SpHu)
  6529 | D:6      | Reached ** piety under Cheibriados
  6529 | D:6      | Killed MirrMurr's ghost
  6530 | D:6      | Reached skill level 5 in Dodging
  6597 | D:7      | Found a white marble altar of Elyvilon.
  6686 | D:7      | Found a sparkling altar of Nemelex Xobeh.
  6709 | D:7      | Found a blossoming altar of Fedhas.
  6818 | D:7      | Identified the ring of Recklessness {rN+ Slay+6 Stlth+}
  6847 | D:7      | Reached XP level 10. HP: 63/72 MP: 0/0
  7171 | D:8      | Found a staircase to the Lair.
  7174 | D:8      | Noticed Pikel
  7181 | D:8      | Killed Pikel
  7182 | D:8      | Reached skill level 5 in Armour
  7223 | D:8      | Found a flagged portal.
  7230 | Bailey   | Entered a bailey
  7239 | Bailey   | Reached *** piety under Cheibriados
  7511 | Bailey   | Acquired 986 gold pieces
  7513 | Bailey   | Noticed an orc knight
  7518 | Bailey   | Killed an orc knight
  7626 | D:8      | Found a broken altar of Ashenzari.
  7680 | D:8      | Reached XP level 11. HP: 57/79 MP: 0/0
  7680 | D:8      | Learned a level 4 spell: Ignite Poison
  7764 | D:8      | Reached **** piety under Cheibriados
  8364 | D:9      | Found Tigruts's Book Boutique.
  8387 | D:9      | Noticed a two-headed ogre
  8393 | D:9      | Killed a two-headed ogre
  8403 | D:9      | Reached ***** piety under Cheibriados
  8598 | D:9      | Noticed a two-headed ogre
  8599 | D:9      | Noticed a deep elf pyromancer
  8600 | D:9      | Found a runed translucent gate.
  8600 | D:9      | Noticed p0werm0de's ghost (novice MiFi)
  8601 | D:9      | Found a runed translucent gate.
  8602 | D:9      | Found a runed translucent gate.
  8604 | D:9      | Noticed a centaur warrior
  8931 | D:10     | Entered Level 10 of the Dungeon
  8938 | D:10     | Found Yskaug's Weapon Shoppe.
  9240 | D:10     | Found a portal to a secret trove of treasure.
  9356 | D:10     | Noticed a two-headed ogre
  9367 | D:10     | Killed a two-headed ogre
  9655 | D:10     | Found a shimmering altar of Xom.
  9655 | D:10     | Found a hazy altar of Hepliaklqana.
  9659 | D:10     | Reached XP level 12. HP: 88/88 MP: 0/0
  9671 | D:10     | Found an iron altar of Okawaru.
  9673 | D:10     | Found a burning altar of Makhleb.
  9675 | D:10     | Found a glowing golden altar of the Shining One.
  9756 | D:10     | Noticed a fire dragon
  9771 | D:10     | Killed a fire dragon
  9840 | D:11     | Reached skill level 10 in Spellcasting
  9840 | D:11     | Reached skill level 10 in Conjurations
  9840 | D:11     | Reached skill level 10 in Hexes
  9840 | D:11     | Reached skill level 10 in Summonings
  9840 | D:11     | Reached skill level 10 in Necromancy
  9840 | D:11     | Reached skill level 10 in Translocations
  9840 | D:11     | Reached skill level 10 in Fire Magic
  9840 | D:11     | Reached skill level 10 in Ice Magic
  9840 | D:11     | Reached skill level 10 in Air Magic
  9840 | D:11     | Reached skill level 10 in Earth Magic
  9840 | D:11     | Reached skill level 10 in Alchemy
  9878 | D:11     | Found Ruzidifu's Weapon Shoppe.
  9887 | D:11     | Gained mutation: You occasionally shout uncontrollably at
                  | your foes. [potion of mutation]
  9887 | D:11     | Gained mutation: Your spells are a little harder to cast,
                  | but a little more powerful. [potion of mutation]
  9906 | D:11     | Lost mutation: Your spells are a little harder to cast, but
                  | a little more powerful. [potion of mutation]
  9906 | D:11     | Lost mutation: You occasionally shout uncontrollably at
                  | your foes. [potion of mutation]
  9906 | D:11     | Gained mutation: You sometimes lose your temper in combat.
                  | [potion of mutation]
  9906 | D:11     | Gained mutation: A frigid envelope surrounds you and
                  | freezes all who hurt you. [potion of mutation]
  9929 | D:11     | Found a staircase to the Orcish Mines.
 10061 | D:11     | Reached skill level 5 in Shields
 10066 | D:11     | Noticed a sixfirhy
 10251 | Orc:1    | Entered Level 1 of the Orcish Mines
 10263 | Orc:1    | Reached ****** piety under Cheibriados
 10411 | Orc:1    | Found Noeptu Zell's Antique Weapon Shop.
 10698 | Orc:2    | Entered Level 2 of the Orcish Mines
 10723 | Orc:2    | Found a staircase to the Elven Halls.
 10742 | Orc:2    | Noticed a two-headed ogre
 10743 | Orc:2    | Noticed a two-headed ogre
 10743 | Orc:2    | Noticed a two-headed ogre
 10745 | Orc:2    | Noticed a two-headed ogre
 10745 | Orc:2    | Noticed a two-headed ogre
 10747 | Orc:2    | Noticed an ogre mage
 10748 | Orc:2    | Noticed a two-headed ogre
 10749 | Orc:2    | Noticed a stone giant
 10749 | Orc:2    | Noticed a deep troll
 10750 | Orc:2    | Killed a two-headed ogre
 10750 | Orc:2    | Noticed a two-headed ogre
 10752 | Orc:2    | Killed a two-headed ogre
 10753 | Orc:2    | Killed a two-headed ogre
 10755 | Orc:2    | Killed a two-headed ogre
 10755 | Orc:2    | Killed a two-headed ogre
 10756 | Orc:2    | Killed a two-headed ogre
 10757 | Orc:2    | Reached skill level 10 in Armour
 10757 | Orc:2    | Reached XP level 13. HP: 70/94 MP: 0/0
 10757 | Orc:2    | Learned a level 5 spell: Silence
 10759 | Orc:2    | Killed an ogre mage
 10762 | Orc:2    | Found a gate leading to a gauntlet.
 10774 | Orc:2    | Killed a stone giant
 10778 | Gauntlet | Entered a Gauntlet
 10778 | Gauntlet | Found a transporter.
 10821 | Gauntlet | Found a transporter.
 10832 | Gauntlet | Found a transporter.
 10842 | Gauntlet | Found a transporter.
 10852 | Gauntlet | Found a transporter.
 10852 | Gauntlet | Found a transporter.
 10859 | Gauntlet | Found a transporter.
 10866 | Gauntlet | Found a transporter.
 10880 | Gauntlet | Reached skill level 10 in Dodging
 10900 | Gauntlet | Found a transporter.
 10900 | Gauntlet | Found a transporter.
 10904 | Gauntlet | Identified the ring of Daisies {EV+5 Str+2 Stlth+}
 10917 | Gauntlet | Found a transporter.
 10917 | Gauntlet | Found a transporter.
 10933 | Gauntlet | Found a transporter.
 10961 | Gauntlet | Found a transporter.
 10984 | Gauntlet | Found the +9 sword of Power {lifebolt}
 10984 | Gauntlet | Noticed a minotaur
 10999 | Gauntlet | Killed a minotaur
 11041 | Orc:2    | Found Meinoer's Antique Weapon Shoppe.
 11047 | Orc:2    | Found Sequm's Antique Weapon Emporium.
 11048 | Orc:2    | Found Verghia's Weapon Boutique.
 11055 | Orc:2    | Bought an ancient scimitar for 288 gold pieces
 11055 | Orc:2    | Identified the +5 scimitar of Burnt Forgiveness {holy,
                  | rCorr} (You bought it in a shop on level 2 of the Orcish
                  | Mines)
 11071 | Orc:2    | Reached skill level 10 in Fighting
 11071 | Orc:2    | Noticed an ogre mage
 11079 | Orc:2    | Killed an ogre mage
 11099 | Orc:2    | Found Iciemeap's Weapon Emporium.
 11278 | Orc:2    | Reached skill level 1 in Shapeshifting
 11742 | Lair:1   | Entered Level 1 of the Lair of Beasts
 11787 | Lair:1   | Reached XP level 14. HP: 90/103 MP: 0/0
 12695 | Lair:1   | Lost mutation: A frigid envelope surrounds you and freezes
                  | all who hurt you. [potion of mutation]
 12695 | Lair:1   | Lost mutation: You sometimes lose your temper in combat.
                  | [potion of mutation]
 12695 | Lair:1   | Gained mutation: Your muscles are strong. (Str +4, Int/Dex
                  | -1) [potion of mutation]
 12695 | Lair:1   | Gained mutation: You are frail. (-10% HP) [potion of
                  | mutation]
 12695 | Lair:1   | Gained mutation: Your mind is acute. (Int +4, Str/Dex -1)
                  | [potion of mutation]
 13622 | Lair:3   | Reached skill level 10 in Shields
 13854 | Lair:3   | Found a staircase to the Shoals.
 13934 | Lair:3   | Found a staircase to the Snake Pit.
 14738 | Lair:4   | Identified the +1 war axe of Pimoycag {speed, rC+ rN+ MP-9}
 15056 | Lair:5   | Entered Level 5 of the Lair of Beasts
 15064 | Lair:5   | Reached XP level 15. HP: 81/98 MP: 0/0
 15064 | Lair:5   | Learned a level 6 spell: Plasma Beam
 15399 | Lair:5   | Found a staircase to the Slime Pits.
 15399 | Lair:5   | Found a viscous altar of Jiyva.
 15838 | Lair:5   | Lost mutation: Your mind is acute. (Int +4, Str/Dex -1)
                  | [potion of mutation]
 15838 | Lair:5   | Lost mutation: Your muscles are strong. (Str +4, Int/Dex
                  | -1) [potion of mutation]
 15838 | Lair:5   | Lost mutation: You are frail. (-10% HP) [potion of
                  | mutation]
 15838 | Lair:5   | Gained mutation: You are clumsy. (Dex -2) [potion of
                  | mutation]
 15838 | Lair:5   | Gained mutation: You possess an exceptional clarity of
                  | mind. [potion of mutation]
 15876 | Lair:5   | Identified the +0 cloak of Dim Light {rPois rCorr}
 17237 | D:13     | Reached XP level 16. HP: 109/117 MP: 0/0
 17426 | D:13     | Found a huge runed gate.
 17426 | D:13     | Found a huge runed gate.
 17426 | D:13     | Found a huge runed gate.
 17426 | D:13     | Found a huge runed gate.
 17427 | D:13     | Found a huge runed gate.
 17427 | D:13     | Found a huge runed gate.
 17427 | D:13     | Found a huge runed gate.
 17427 | D:13     | Found a huge runed gate.
 17427 | D:13     | Found a huge runed gate.
 17428 | D:13     | Found a huge runed gate.
 17428 | D:13     | Found a huge runed gate.
 17429 | D:13     | Found a huge runed gate.
 17430 | D:13     | Found a huge runed gate.
 17431 | D:13     | Found a huge runed gate.
 17432 | D:13     | Found a huge runed gate.
 17441 | D:13     | Found a huge runed gate.
 17441 | D:13     | Found a huge runed gate.
 17441 | D:13     | Found a huge runed gate.
 17441 | D:13     | Found a huge runed gate.
 17441 | D:13     | Found a huge runed gate.
 17441 | D:13     | Found a huge runed gate.
 17442 | D:13     | Found a huge runed gate.
 17443 | D:13     | Found a huge runed gate.
 17444 | D:13     | Found a huge runed gate.
 17457 | D:13     | Found a huge runed gate.
 17457 | D:13     | Found a huge runed gate.
 17457 | D:13     | Found a huge runed gate.
 17457 | D:13     | Found a huge runed gate.
 17457 | D:13     | Found a huge runed gate.
 17457 | D:13     | Found a huge runed gate.
 17458 | D:13     | Found a huge runed gate.
 17459 | D:13     | Found a huge runed gate.
 17460 | D:13     | Found a huge runed gate.
 17474 | D:13     | Found a huge runed gate.
 17474 | D:13     | Found a huge runed gate.
 17474 | D:13     | Found a huge runed gate.
 17884 | D:13     | Noticed a hellephant
 17884 | D:13     | Noticed a hellephant
 17901 | D:13     | Killed a hellephant
 17902 | D:13     | Killed a hellephant
 18224 | D:14     | Noticed Azrael
 18262 | D:14     | Reached skill level 5 in Shapeshifting
 18924 | D:14     | Killed Azrael
 18959 | D:14     | Identified the +1 sling "Waybuats" {freeze, Str+3 Dex+4}
 19019 | D:14     | Found a gate to the Vaults.
 19408 | D:15     | Entered Level 15 of the Dungeon
 19807 | D:15     | Found a staircase to the Depths.
 20276 | Snake:1  | Entered Level 1 of the Snake Pit
 20454 | Snake:1  | Reached XP level 17. HP: 88/123 MP: 0/0
 20454 | Snake:1  | Learned a level 6 spell: Simulacrum
 20820 | Snake:1  | Identified the +4 rapier "Mimuecwi" {freeze, Dex+2 SInv}
 21511 | Snake:2  | Found a frozen archway.
 21520 | IceCv    | Entered an ice cave
 22099 | IceCv    | Identified the +4 ice dragon scales of Sasseab {rF- rC++}
 22147 | IceCv    | Noticed a shard shrike
 22153 | IceCv    | Killed a shard shrike
 22154 | IceCv    | Reached XP level 18. HP: 111/131 MP: 0/0
 22198 | IceCv    | Identified the ring "Wankiq" {rCorr Str+4}
 22692 | Snake:2  | You are sucked into a shaft and drop 1 floor!
 22858 | Snake:3  | Reached skill level 15 in Armour
 22920 | Snake:3  | Noticed Vashnia
 22926 | Snake:3  | Killed Vashnia
 23979 | Snake:2  | Noticed Suinaor's ghost (adept GnWr)
 23983 | Snake:2  | Found a runed translucent door.
 24213 | Snake:4  | Entered Level 4 of the Snake Pit
 24748 | Snake:4  | Found Osiutuog's Magic Scroll Shop.
 24961 | Snake:4  | Reached skill level 15 in Shields
 25040 | Snake:4  | Bought a scroll of identify for 34 gold pieces
 25040 | Snake:4  | Bought a scroll of identify for 34 gold pieces
 25040 | Snake:4  | Bought a scroll of revelation for 127 gold pieces
 25040 | Snake:4  | Bought 2 scrolls of immolation for 136 gold pieces
 25040 | Snake:4  | Bought a scroll of poison for 68 gold pieces
 25040 | Snake:4  | Bought a scroll of identify for 34 gold pieces
 25040 | Snake:4  | Bought a scroll of identify for 34 gold pieces
 25119 | Snake:4  | Reached XP level 19. HP: 46/138 MP: 0/0
 25119 | Snake:4  | Learned a level 6 spell: Conjure Ball Lightning
 25265 | Snake:4  | Got a serpentine rune of Zot
 25482 | Snake:4  | Found a transporter.
 25484 | Snake:4  | Found a transporter.
 25507 | Snake:4  | Found a transporter.
 25509 | Snake:4  | Found a transporter.
 25763 | Snake:4  | Found a transporter.
 25768 | Snake:4  | Found a transporter.
 26060 | Shoals:1 | Entered Level 1 of the Shoals
 28738 | Shoals:3 | Reached skill level 15 in Spellcasting
 28738 | Shoals:3 | Reached skill level 15 in Conjurations
 28738 | Shoals:3 | Reached skill level 15 in Hexes
 28738 | Shoals:3 | Reached skill level 15 in Summonings
 28738 | Shoals:3 | Reached skill level 15 in Necromancy
 28738 | Shoals:3 | Reached skill level 15 in Translocations
 28738 | Shoals:3 | Reached skill level 15 in Fire Magic
 28738 | Shoals:3 | Reached skill level 15 in Ice Magic
 28738 | Shoals:3 | Reached skill level 15 in Air Magic
 28738 | Shoals:3 | Reached skill level 15 in Earth Magic
 28738 | Shoals:3 | Reached skill level 15 in Alchemy
 29124 | Shoals:4 | Entered Level 4 of the Shoals
 29961 | Shoals:4 | Noticed a titan
 29962 | Shoals:4 | Killed a titan
 29966 | Shoals:4 | Reached XP level 20. HP: 93/147 MP: 0/0
 30112 | Shoals:4 | Got a barnacled rune of Zot
 30206 | Shoals:4 | Paralysed by an air elemental for 1 turns
 30210 | Shoals:4 | Paralysed by an air elemental for 1 turns
 30973 | Vaults:1 | Entered Level 1 of the Vaults
 30993 | Vaults:1 | Found a magical portal.
 31003 | WizLab   | Entered Maxwell's Workshop
 31095 | WizLab   | Identified the ring "Olepok" {Ice SInv}
 31120 | WizLab   | Identified the ring "Geyruts" {Fire Fly Int+4 Dex-5 Slay+3}
 31318 | WizLab   | Identified the ring "Uckeufom" {Fire rElec Will- Str-4
                  | Dex+5}
 31515 | WizLab   | Identified the ring of Foorupydgh {Ice rElec MP+9 Dex+6
                  | Stlth-}
 31624 | WizLab   | Noticed an electric golem
 31635 | WizLab   | Killed an electric golem
 31692 | WizLab   | Identified the +9 scale mail of Ipail {rF+ MP-9 Stlth+}
 31838 | Vaults:1 | Identified the +5 glaive of Mordant True Grit {venom,
                  | Str+3}
 31848 | Vaults:1 | Acquired the staff "Backscratcher" {rElec rF+ Int+4 Necro
                  | Fire Air}
 32128 | Vaults:1 | Found a huge runed gate.
 32128 | Vaults:1 | Found a huge runed gate.
 32134 | Vaults:1 | Found a huge runed gate.
 32134 | Vaults:1 | Found a huge runed gate.
 32140 | Vaults:1 | Found a huge runed gate.
 32141 | Vaults:1 | Found a huge runed gate.
 32145 | Vaults:1 | Found a huge runed gate.
 32145 | Vaults:1 | Found a huge runed gate.
 32145 | Vaults:1 | Found a huge runed gate.
 32147 | Vaults:1 | Found a huge runed gate.
 32147 | Vaults:1 | Found a huge runed gate.
 32147 | Vaults:1 | Found a huge runed gate.
 32147 | Vaults:1 | Found a huge runed gate.
 32147 | Vaults:1 | Found a huge runed gate.
 32147 | Vaults:1 | Found a huge runed gate.
 32148 | Vaults:1 | Found a huge runed gate.
 32149 | Vaults:1 | Found a huge runed gate.
 32150 | Vaults:1 | Found a huge runed gate.
 32232 | Vaults:1 | Found a huge runed gate.
 32232 | Vaults:1 | Found a huge runed gate.
 32232 | Vaults:1 | Found a huge runed gate.
 32233 | Vaults:1 | Found a huge runed gate.
 32234 | Vaults:1 | Found a huge runed gate.
 32235 | Vaults:1 | Found a huge runed gate.
 32236 | Vaults:1 | Found a huge runed gate.
 32237 | Vaults:1 | Found a huge runed gate.
 32238 | Vaults:1 | Found a huge runed gate.
 32246 | Vaults:1 | Found a huge runed gate.
 32246 | Vaults:1 | Found a huge runed gate.
 32246 | Vaults:1 | Found a huge runed gate.
 32246 | Vaults:1 | Found a huge runed gate.
 32246 | Vaults:1 | Found a huge runed gate.
 32246 | Vaults:1 | Found a huge runed gate.
 32247 | Vaults:1 | Found a huge runed gate.
 32248 | Vaults:1 | Found a huge runed gate.
 32249 | Vaults:1 | Found a huge runed gate.
 32455 | Vaults:1 | Identified the +2 helmet of Iphiruqoal {rF- Str+2 Slay+2
                  | SInv}
 32666 | Vaults:1 | Reached XP level 21. HP: 132/154 MP: 0/0
 32666 | Vaults:1 | Learned a level 7 spell: Summon Hydra
 32886 | Vaults:1 | Reached skill level 15 in Fighting
 33713 | Vaults:2 | Found a staircase to the Crypt.
 33766 | Vaults:2 | Identified the scarf of Entaschy {+Inv, rPois rN++ Will+
                  | Str-3}
 34864 | Vaults:3 | Reached XP level 22. HP: 92/164 MP: 0/0
 35325 | Vaults:3 | Found a gateway to a bazaar.
 35334 | Bazaar   | Entered a bazaar
 35338 | Bazaar   | Found Rafaycwo's Armour Boutique.
 35344 | Bazaar   | Bought the +9 scales of the Dragon King {rPois rF+ rC+
                  | Will+} for 1372 gold pieces
 35344 | Bazaar   | Found the +9 scales of the Dragon King {rPois rF+ rC+
                  | Will+}
 35372 | Bazaar   | Found Igiul's Assorted Antiques.
 35377 | Bazaar   | Bought a scroll of teleportation for 69 gold pieces
 35377 | Bazaar   | Bought a scroll of fog for 92 gold pieces
 35377 | Bazaar   | Bought a scroll of poison for 92 gold pieces
 35377 | Bazaar   | Bought a potion of curing for 69 gold pieces
 35393 | Bazaar   | Found Relogir's Armour Boutique.
 35398 | Bazaar   | Bought the +0 mask of the Dragon {Will+ Slay+3 SInv} for
                  | 300 gold pieces
 35398 | Bazaar   | Found the +0 mask of the Dragon {Will+ Slay+3 SInv}
 35421 | Bazaar   | Found Qunutecw's Weapon Shoppe.
 36698 | Vaults:4 | Noticed Mennas
 36704 | Vaults:4 | Killed Mennas
 37368 | Vaults:4 | Noticed Bai Suzhen
 37376 | Vaults:4 | Killed Bai Suzhen
 37377 | Vaults:4 | Reached XP level 23. HP: 124/172 MP: 0/0
 37377 | Vaults:4 | Learned a level 8 spell: Disjunction
 37476 | Vaults:4 | Found Luha's Assorted Antiques.
 37750 | Vaults:4 | Upgraded the game from 0.31-a0-1352-gc98d92de7d to
                  | 0.31-a0-1370-gf52a5a9ab3
 38061 | Elf:1    | Entered Level 1 of the Elven Halls
 38201 | Elf:1    | Noticed Jorgrun
 38208 | Elf:1    | Killed Jorgrun
 38226 | Elf:1    | Noticed Kirke
 38228 | Elf:1    | Killed Kirke
 38519 | Elf:1    | Found Bosma's General Store.
 38573 | Elf:1    | Bought a potion of invisibility for 152 gold pieces
 38573 | Elf:1    | Bought a potion of curing for 57 gold pieces
 38573 | Elf:1    | Bought a scroll of teleportation for 57 gold pieces
 39384 | Elf:2    | Found Kuefuosuirr's Assorted Antiques.
 39393 | Elf:2    | Bought a scroll of enchant weapon for 292 gold pieces
 39694 | D:10     | You paid a toll of a +5 demon trident to enter a treasure
                  | trove
 39695 | Trove    | Entered a treasure trove
 40103 | Elf:2    | Identified the ring "Uhanut" {Will+ Int+6}
 40137 | Elf:2    | Found a runed translucent gate.
 40137 | Elf:2    | Found a runed translucent gate.
 40137 | Elf:2    | Found a runed translucent gate.
 40444 | Elf:3    | Entered Level 3 of the Elven Halls
 42304 | Elf:3    | Identified the quicksilver dragon scales of Oneofaj {rPois
                  | Will+ Regen+ Int+7 Slay+2}
 42311 | Elf:3    | Identified the +9 whip of the Lurker {freeze, rElec Str+2}
 42323 | Elf:3    | Reached skill level 15 in Dodging
 42323 | Elf:3    | Reached XP level 24. HP: 82/181 MP: 0/0
 42815 | Elf:3    | Found the +3 Elemental Staff {ele, rElec rF+ rC+ AC+3}
 43543 | D:3      | Killed alja1234's ghost
 43654 | D:9      | Killed p0werm0de's ghost
 43932 | Snake:2  | Killed Suinaor's ghost
 44363 | Crypt:1  | Entered Level 1 of the Crypt
 44902 | Crypt:1  | Found a one-way gate to the infinite horrors of the Abyss.
 44902 | Crypt:1  | Found a transporter.
 44902 | Crypt:1  | Noticed Gathuos's ghost (adept OpEE)
 44908 | Crypt:1  | Identified the ring of Heowo {^Drain rC++ Int+2 Dex+6}
 44909 | Crypt:1  | Found a transporter.
 46302 | Crypt:2  | Noticed a royal mummy
 46304 | Crypt:2  | Killed a royal mummy
 46661 | Crypt:2  | Gained mutation: You are weak. (Str -2) [mutagenic glow]
 46674 | Crypt:2  | Gained mutation: You are dopey. (Int -2) [mutagenic glow]
 46784 | Crypt:2  | Noticed Khufu
 46788 | Crypt:2  | Killed Khufu
 47201 | Crypt:2  | Identified the +7 morningstar "Kij Sen" {protect, rPois
                  | rN+}
 47707 | Crypt:3  | Entered Level 3 of the Crypt
 47721 | Crypt:3  | Noticed Vv
 47884 | Crypt:3  | Killed Vv
 48480 | Crypt:3  | Reached XP level 25. HP: 161/188 MP: 0/0
 48480 | Crypt:3  | Learned a level 8 spell: Summon Horrible Things
 49106 | Crypt:3  | Found a staircase to the Tomb.
 50078 | Crypt:3  | Found a basalt altar of Yredelemnul.
 50114 | Crypt:3  | Found the sphere of Battle
 50166 | Crypt:3  | Identified the +5 rapier "Titouttygh" {elec, rC++ Str+3}
 50167 | Crypt:3  | Identified the ring "Unack" {rPois rC+ rN+ Int+2}
 50167 | Crypt:3  | Identified the ring of Danio {rN+ Will+}
 50167 | Crypt:3  | Identified the ring "Tiehosas" {rElec rC++ rN+ Int+4 Dex-4}
 50535 | Vaults:5 | Entered Level 5 of the Vaults
 50547 | Vaults:5 | Noticed a dread lich
 50810 | Vaults:4 | Killed a dread lich
 51472 | Vaults:5 | Identified the +6 whip "Ixtassov" {drain, rF+ rN+ Str+3
                  | Stlth-}
 51573 | Vaults:5 | Reached XP level 26. HP: 183/197 MP: 0/0
 51719 | Vaults:5 | Reached skill level 10 in Shapeshifting
 51766 | Vaults:5 | Got a silver rune of Zot
 51906 | Vaults:5 | Identified the ring of Baxku {rPois rN+ Str+3 Int+4}
 52564 | Vaults:5 | Noticed a dread lich
 52569 | Vaults:5 | Killed a dread lich
 53961 | Slime:1  | Entered Level 1 of the Pits of Slime
 54571 | Slime:3  | Gained mutation: Armour fits poorly on your strangely
                  | shaped body. [a shining eye]
 55219 | Depths:1 | Entered Level 1 of the Depths
 56580 | Depths:1 | Found a gateway to Hell.
 56681 | Depths:1 | Found a one-way gate leading to the halls of Pandemonium.
 58589 | Depths:2 | Noticed Asterion
 58591 | Depths:2 | Killed Asterion
 58592 | Depths:2 | Reached XP level 27. HP: 194/205 MP: 0/0
 58592 | Depths:2 | Learned a level 9 spell: Dragon's Call
 59043 | Depths:3 | Found a sacrificial altar of Ru.
 60148 | Depths:4 | Entered Level 4 of the Depths
 60709 | Depths:4 | Found a one-way gateway to a ziggurat.
 61242 | Depths:4 | Found Fuptil's Armour Boutique.
 61383 | Depths:4 | Found a gate to the Realm of Zot.
 61647 | Zot:1    | Entered Level 1 of the Realm of Zot
 64369 | Zot:2    | Identified the +1 sling of Victory {heavy, rPois}
 66319 | Zot:3    | Identified the +6 scale mail "Onouh" {rPois Will+ Int+3}
 68286 | Zot:5    | Entered Level 5 of the Realm of Zot
 68337 | Zot:5    | Noticed a Killer Klown
 68341 | Zot:5    | Killed a Killer Klown
 69294 | Zot:5    | Noticed a Killer Klown
 69295 | Zot:5    | Killed a Killer Klown
 69398 | Zot:5    | Noticed an orb of fire
 69413 | Zot:5    | Gained mutation: You have hidden genetic defects. [an orb
                  | of fire]
 69415 | Zot:5    | Gained mutation: You are very clumsy. (Dex -4) [an orb of
                  | fire]
 69423 | Zot:5    | Lost mutation: You have hidden genetic defects. [an orb of
                  | fire]
 69425 | Zot:5    | Killed an orb of fire
 69738 | Zot:5    | Noticed an orb of fire
 69738 | Zot:5    | Noticed an orb of fire
 69746 | Zot:5    | Slain by an Orb Guardian

Illustrated notes

Levels and vault maps discovered:
D:1:      reono_arrival_mine, layout_basic
D:2:      layout_basic, serial_corexii_hall, corexii_hall_statues_i,
          chequers_hall_statues_corner_a, lightli_corner_chamber
D:3:      layout_loops_ring, lemuel_coloured_pillars_altar,
          mainiacjoe_overflow_small_starburst, lemuel_doored_altar,
          ebering_ghost_rock_garden, kennysheep_jessica_study
D:4:      layout_rooms, minmay_temple_entry_purple_smoke,
          minmay_misc_feat_plants, minmay_goblin_kobold_house, uniq_menkaure,
          uniq_robin, uniq_natasha
D:5:      layout_basic, guppyfry_shop_venom
D:6:      minmay_inner_zag, layout_rooms, yredelemnul_forgotten_temple_becter,
          ebering_ghost_sewer_d
D:7:      layout_gridville, nicolae_overflow_squiral, elyvilon_altar_5
D:8:      layout_loops_ring, ashenzari_conservatory_becter, lair_entry_dummy,
          enter_bailey_3, uniq_pikel
D:9:      layout_loops_ring, gammafunk_ghost_split, nicolae_take_the_stairs
D:10:     layout_cave_pods, old_standard_altar,
          chequers_temple_overflow_minitemple, enter_trove_3, serial_shops, shop
D:11:     layout_big_octagon, orc_david_3
D:12:     layout_irregular_city, introduction_to_nature_2
D:13:     layout_rooms, not_door_vault_due
D:14:     layout_long_grid, hellmonk_vaults_keyhole, serial_park_tiny_2,
          dreamdust_mushroom_princess, minmay_statue_bubble, uniq_azrael
D:15:     hellmonk_depths_entry_around_the_bend, layout_basic
Temple:   hellmonk_temple_of_storms
Lair:1:   layout_cave_pods, dreamdust_gnoll_shepherd
Lair:2:   layout_cave_pods
Lair:3:   layout_cellular_growth, elwin_shoals_entry_rocks,
          alex1729_snake_entry_snake, special_room [special_room_bee],
          minmay_lair_oklob_bushes, grunt_forest_small_clearing_treed
Lair:4:   layout_long_grid
Lair:5:   due_jungle_book, layout_cave_pods, slime_entry_1
Shoals:1: layout_shoals, nicolae_shoals_drake_roost
Shoals:2: layout_shoals, nicolae_shoals_kraken_party
Shoals:3: layout_shoals, nicolae_shoals_isolated_beach
Shoals:4: shoals_end_hellmonk_storm_palace [storm_palace_center_square,
          storm_palace_corner_pillars, storm_palace_corner_blocked,
          storm_palace_corner_narrow, storm_palace_corner_narrow]
Snake:1:  layout_misc_corridors, nicolae_snake_salamander_jacuzzi
Snake:2:  nicolae_snake_nest, layout_onion, hellmonk_ghost_happy_afterlife,
          portal_ice_cave_entry_frozen_things
Snake:3:  layout_cave_pods, grunt_ministairs_4, uniq_vashnia
Snake:4:  snake_pit, layout_chambers, serial_shops, shop, serial_nicolae_subway,
          nicolae_sub_station_stone, nicolae_sub_station_metal,
          nicolae_sub_station_crystal
Slime:1:  nicolae_slime_jelly_donut, layout_caves
Slime:2:  layout_caves
Slime:3:  layout_caves
Orc:1:    layout_caves, serial_shops, nicolae_shop_rolling_square,
          regret_index_minedec_shroomtown_chain
Orc:2:    st_orc_open, layout_diamond_mine, gauntlet_entry_generic,
          special_room, nicolae_orc_damp_corner
Elf:1:    eino_elf_arrival_the_gate, layout_geoelf_grid, serial_shops,
          nicolae_shop_rolling_square, nicolae_elf_crossing_hall,
          guppyfry_library_mini, uniq_jorgrun, uniq_kirke
Elf:2:    elven_hall_of_blades_hangedman_original
          [nicolae_blade_entry_sentries_behind_glass], layout_onion_city,
          serial_shops, nicolae_shop_waterfront, patterned_corridor
Elf:3:    minmay_elf_hall_spiked, layout_geoelf_castle
Vaults:1: infiniplex_enter_wizlab_glasses, door_vault,
          nicolae_vaults_octothorpe, nicolae_vaults_double_plus_2,
          nicolae_vaults_network_square, nicolae_vaults_ring_of_whatevers,
          nicolae_vaults_network_quinsquares
          [nicolae_vaults_network_quincunx_subvault,
          nicolae_vaults_network_quincunx_subvault,
          nicolae_vaults_network_quincunx_subvault,
          nicolae_vaults_network_quincunx_subvault], vaults_dpeg_emergency_exit,
          vaults_mumra_minichess, nicolae_vaults_weapon_check,
          layout_vaults_maze_snakey
Vaults:2: vaults_room_door_hall, nicolae_vaults_stairing_the_circle,
          minmay_crypt_entry_skeletal_spiral, nicolae_vaults_wine_cellar,
          nicolae_vaults_mini_display_case, vaults_room_pool,
          nicolae_vaults_storage_room_water, v_alt_pattern_6,
          nicolae_vaults_little_squares_4, nicolae_vaults_sightless_eye,
          grunt_vaults_bifocal, vaults_room_pools, layout_vaults_big_room
Vaults:3: v_misc_4, ontoclasm_vaults_tryst, nicolae_vaults_tetromino_L_1,
          hangedman_vaults_maws, v_pattern_2, nicolae_vaults_closet_pinwheel_3,
          v_alt_pattern_3, nicolae_vaults_what_the_h, v_misc_19,
          hangedman_vaults_maws, nicolae_vaults_offset_grid_hallway_3,
          nicolae_vaults_security_offices_2, nicolae_vaults_apartment_2,
          nicolae_vaults_tetromino_L_1, layout_vaults_big_cross, serial_shops,
          bzr_entry_islet
Vaults:4: grunt_vaults_funnel, nicolae_vaults_shrinking_rooms_2, v_misc_19,
          ontoclasm_vaults_bender, nicolae_vaults_shrinking_rooms_1,
          ontoclasm_vaults_eye, nicolae_vaults_closet_pinwheel_6,
          nicolae_vaults_meiosis, nicolae_vaults_library_corner,
          nicolae_vaults_tangram_2, nicolae_vaults_house_3, layout_vaults_ring,
          serial_shops, nicolae_shop_rolling_square, uniq_bai_suzhen,
          uniq_mennas
Vaults:5: serial_shops
Crypt:1:  layout_misc_corridors, gammafunk_ghost_abyssal_escape
Crypt:2:  ragdoll_tomb_raider, layout_misc_corridors,
          nicolae_crypt_cryptocurrency
Crypt:3:  lightli_unholy_cathedral, layout_chaotic_city,
          nicolae_tomb_entry_unfolded_pyramid_diagonal, basic_altar, uniq_vv
Depths:1: layout_basic, pf_vacation_house_of_asmodeus, grunt_pan_entry_zigzag,
          serial_bayou_lagoon_b, grunt_megastairs_1
Depths:2: minmay_thick_lines, layout_gridlike, rand_demon_pan_entry_1,
          glass_columns_c, abyss_entry, hellmouth_1, minivault_16,
          minmay_curled_crystal, serial_bayou_shore_b, uniq_asterion
Depths:3: minmay_ambush_box, layout_gridville, nicolae_ru_awakened_eye,
          abyss_entry_crystal, nicolae_hell_entry_hellmouth_sunbeams
Depths:4: grunt_zot_entry_pinwheel, layout_basic, enter_ziggurat_c,
          nrook_mini_backslash, hell_entry, serial_shops, nicolae_shop_stone
Zot:1:    layout_onion_interference, regret_index_zotdec_ex,
          nicolae_zig_zag_zippers
Zot:2:    lemuel_firehouse, layout_cathedral_of_symmetry
Zot:3:    layout_concentric_octagons, regret_index_zotdec_wing_it
Zot:4:    layout_gridlike, kennysheep_underground_church
Zot:5:    layout_twisted_circle

Skill      XL: |  1  2  3  4  5  6  7  8  9 10 11 12 13 14 15 16 17 18 19 20 21 22 23 24 25 26 27 |
---------------+----------------------------------------------------------------------------------+-----
Fighting       | 1 2 3 4 5 6 7 8 9 10 11 12 13 14 16 17 18 19 21 | 21.2
Spellcasting   | 4 5 6 7 8 9 10 11 12 13 14 15 16 17 18 19 21 22 23 26 | 26.1
Conjurations   | 4 5 6 7 8 9 10 11 12 13 14 15 16 17 18 19 20 21 23 | 23.0
Hexes          | 4 5 6 7 8 9 10 11 12 13 14 15 16 17 18 19 20 21 23 | 23.0
Summonings     | 4 5 6 7 8 9 10 11 12 13 14 15 16 17 18 19 20 21 23 | 23.0
Necromancy     | 4 5 6 7 8 9 10 11 12 13 14 15 16 17 18 19 21 22 23 26 | 26.1
Translocations | 4 5 6 7 8 9 10 11 12 13 14 15 16 17 18 19 20 21 23 | 23.0
Fire Magic     | 4 5 6 7 8 9 10 11 12 13 14 15 16 17 18 19 20 22 23 25 | 25.9
Ice Magic      | 4 5 6 7 8 9 10 11 12 13 14 15 16 17 18 19 20 21 23 | 23.0
Air Magic      | 4 5 6 7 8 9 10 11 12 13 14 15 16 17 18 19 20 21 23 | 23.0
Earth Magic    | 4 5 6 7 8 9 10 11 12 13 14 15 16 17 18 19 20 21 23 | 23.0
Alchemy        | 4 5 6 7 8 9 10 11 12 13 14 15 16 17 18 19 20 21 23 | 23.0
Armour         | 2 4 6 8 10 11 12 13 14 15 16 17 18 19 20 | 20.7
Dodging        | 4 5 7 8 9 10 11 12 13 14 15 16 18 19 23 | 23.1
Shields        | 4 7 9 10 11 13 14 15 16 17 18 | 18.2
Shapeshifting  | 1 3 4 5 6 7 8 9 10 | 10.6
Stealth        | |  1.5

Action                     |  1- 3 |  4- 6 |  7- 9 | 10-12 | 13-15 | 16-18 | 19-21 | 22-24 | 25-27 || total
---------------------------+-------+-------+-------+-------+-------+-------+-------+-------+-------++-------
  Melee: Trident           |       |       |       |     5 |       |       |       |       |       ||     5
         Scimitar          |       |       |       |       |   126 |     1 |       |       |       ||   127
         Rapier            |       |       |       |       |       |     4 |       |       |       ||     4
         Staff             |       |       |       |       |       |       |     1 |    10 |    10 ||    21
   Cast: Magic Dart        |    83 |    65 |    66 |   161 |    75 |       |       |       |       ||   450
         Searing Ray       |     1 |    15 |    36 |    38 |    15 |     1 |     1 |       |     2 ||   109
         Iskenderun's Myst |       |       |    17 |   111 |   211 |    57 |    60 |    75 |   140 ||   671
         Passwall          |       |       |     1 |       |       |     1 |       |       |       ||     2
         Fulminant Prism   |       |       |     3 |    19 |    19 |    14 |    11 |     4 |     6 ||    76
         Plasma Beam       |       |       |       |       |    95 |   424 |   513 |   497 |   682 ||  2211
         Summon Hydra      |       |       |       |       |       |       |       |     8 |    14 ||    22
         Conjure Ball Ligh |       |       |       |       |       |       |       |       |     2 ||     2
         Summon Horrible T |       |       |       |       |       |       |       |       |     2 ||     2
 Invoke: Bend Time         |       |       |       |       |       |       |       |     1 |       ||     1
Ability: Begin Untransform |       |       |       |       |       |       |       |       |     1 ||     1
  Evoke: Wand              |       |       |       |       |       |       |       |     1 |       ||     1
    Use: Scroll            |     3 |       |     5 |     4 |     4 |    10 |     7 |     6 |     6 ||    45
         Potion            |       |       |       |     7 |     2 |       |     3 |     1 |    10 ||    23
   Stab: Sleeping          |       |       |       |       |     6 |       |       |       |       ||     6
         Distracted        |       |       |       |       |     1 |       |       |     1 |       ||     2
 Armour: Robe              |    12 |    12 |    17 |    21 |       |     1 |       |       |       ||    63
         Troll leather arm |       |       |       |    10 |    61 |    27 |       |       |       ||    98
         Skin              |       |       |       |    11 |       |       |       |       |       ||    11
         Ice dragon scales |       |       |       |       |       |     9 |    53 |     2 |       ||    64
         Gold dragon scale |       |       |       |       |       |       |       |    61 |   190 ||   251
  Dodge: Dodged            |     6 |     6 |    14 |   115 |   184 |    66 |    56 |    50 |   157 ||   654
  Block: Kite shield       |       |       |       |    43 |   291 |    67 |       |       |       ||   401
         Tower shield      |       |       |       |       |       |    63 |    96 |   182 |   321 ||   662
   Form: Statue            |       |       |       |       |       |       |       |       |     1 ||     1

Table legend: (Time is in decaauts)
 A = Elapsed time spent in this place.
 B = Non-inter-level travel time spent in this place.
 C = Inter-level travel time spent in this place.
 D = Time resting spent in this place.
 E = Time spent auto-exploring this place.
 F = Levels seen in this place.
 G = Mean time per level.
                   A        B        C        D        E       F      G
               +--------+--------+--------+--------+--------+-----+--------+
         Total | 103728 |  93866 |   9862 |  15244 |  66720 |  60 | 1728.8 |
       Dungeon |  22202 |  18056 |   4146 |   1467 |  14183 |  15 | 1480.1 |
        Temple |     49 |     49 |      0 |      0 |      0 |   1 |   49.0 |
          Lair |   9515 |   7981 |   1534 |    133 |   6606 |   5 | 1903.0 |
        Shoals |   6816 |   6508 |    308 |   1291 |   4580 |   4 | 1704.0 |
     Snake Pit |   8000 |   7343 |    657 |   1139 |   5130 |   4 | 2000.0 |
    Slime Pits |   1063 |   1047 |     16 |    850 |      0 |   3 |  354.3 |
  Orcish Mines |   2517 |   2116 |    401 |      0 |   1658 |   2 | 1258.5 |
   Elven Halls |   6994 |   6398 |    596 |   1933 |   3541 |   3 | 2331.3 |
        Vaults |  14577 |  13077 |   1500 |   2403 |   9138 |   5 | 2915.4 |
         Crypt |   7520 |   7274 |    246 |   2053 |   4568 |   3 | 2506.7 |
        Depths |   9957 |   9743 |    214 |   1637 |   7403 |   4 | 2489.2 |
           Zot |  10990 |  10751 |    239 |   2102 |   7814 |   5 | 2198.0 |
        Bazaar |    211 |    211 |      0 |      0 |    122 |   1 |  211.0 |
         Trove |    147 |    147 |      0 |      0 |     92 |   1 |  147.0 |
        Bailey |    431 |    431 |      0 |     13 |    284 |   1 |  431.0 |
      Ice Cave |   1259 |   1259 |      0 |      0 |    878 |   1 | 1259.0 |
        Wizlab |   1148 |   1148 |      0 |    167 |    693 |   1 | 1148.0 |
      Gauntlet |    323 |    323 |      0 |     56 |     29 |   1 |  323.0 |
               +--------+--------+--------+--------+--------+-----+--------+

Top non-repeatable levels by time:
Vaults:5: 3566 daAuts
   Elf:3: 3501 daAuts
Vaults:3: 3148 daAuts
   Zot:2: 3125 daAuts
 Crypt:2: 3124 daAuts
Vaults:4: 2970 daAuts
Depths:4: 2855 daAuts
 Crypt:3: 2808 daAuts
Depths:2: 2792 daAuts
Vaults:2: 2699 daAuts
   Zot:4: 2619 daAuts
Depths:1: 2502 daAuts
 Snake:3: 2374 daAuts
    D:14: 2368 daAuts
  Lair:1: 2341 daAuts
